 Dungeon Sprint DCSS version 0.25-a0-258-g6d7e32a812 (webtiles) character file.

Game seed: 8041939836637843783, levelgen mode: deterministic

54 MordorOrchid the Insei (level 5, -9/48 HPs)
             Began as a Draconian Transmuter on Dec 6, 2019.
             Was an Initiate of Gozag.
             Mangled by a water elemental (13 damage)
             ... in the Dungeon (Sprint VI: "Thunderdome").
             The game lasted 00:05:31 (449 turns).

MordorOrchid the Insei (Draconian Transmuter)        Turns: 449, Time: 00:05:32

Health: -9/48      AC:  5    Str: 12    XL:     5   Next: 81%
Magic:  11/11      EV: 14    Int: 21    God:    Gozag
Gold:   347        SH:  0    Dex: 15    Spells: 4/12 levels left

rFire    . . .     SeeInvis .     - Unarmed
rCold    + . .     Gourm    .   (no shield)
rNeg     . . .     Faith    .   (armour unavailable)
rPois    +         Spirit   .   (helmet restricted)
rElec    .         Reflect  .   (no cloak)
rCorr    .         Harm     +   (no gloves)
MR       .....     NoTele   +   (boots currently unavailable)
Stlth    +.........             m - amulet "Nuggoi" {Harm *Drain rPois}
HPRegen  0.16/turn              q - ring of the Prince of Darkness {Wiz Int+4}
MPRegen  0.12/turn              o - ring of the Shining Light {+Fly rC+ Int+3 Dex+3}

@: appendage, engulfed (cannot breathe), gold aura
A: unfitting armour, talons 3, cold-blooded, AC +5
a: End Transformation, Potion Petition, Call Merchant, Bribe Branch, Renounce
Religion, Evoke Flight


You were in the Dungeon.
You worshipped Gozag.
Gozag was aware of your devotion.
You were not hungry.
You had grown temporary talons.
You visited 1 branch You collected 1117 gold pieces.
You spent 770 gold pieces at shops.

Inventory:

Missiles
 a - 12 arrows
Jewellery
 m - the amulet "Nuggoi" (around neck) {Harm *Drain rPois}
   (You bought it in a shop in the Dungeon)

   [amulet of harm]

   It increases damage dealt and taken.
   It protects you from poison.
   It causes draining when unequipped.
 n - the ring of Fainoch {+Fly rPois Str+2}
   (You bought it in a shop in the Dungeon)

   [ring of flight]

   It affects your strength (+2).
   It protects you from poison.
   It lets you fly.
 o - the ring of the Shining Light (right hand) {+Fly rC+ Int+3 Dex+3}
   (You bought it in a shop in the Dungeon)

   [ring of dexterity]

   It affects your intelligence (+3).
   It affects your dexterity (+3).
   It protects you from cold.
   It lets you fly.
 q - the ring of the Prince of Darkness (left hand) {Wiz Int+4}
   (You bought it in a shop in the Dungeon)

   [ring of wizardry]

   It improves your spell success rate.
   It affects your intelligence (+4).
Wands
 b - a wand of acid (3)
 j - a wand of iceblast (5)
Scrolls
 i - 4 scrolls of blinking
 k - 3 scrolls of fog
Potions
 d - a potion of curing
 e - 4 potions of heal wounds
 f - 4 potions of haste
 g - 2 potions of magic
 h - a potion of berserk rage
 l - a potion of resistance
Comestibles
 c - a ration


   Skills:
 * Level 5.1 Fighting
 * Level 4.1 Dodging
 + Level 7.7 Unarmed Combat
 + Level 4.4 Spellcasting
 + Level 4.1 Transmutations
 * Level 4.5 Evocations


You had 4 spell levels left.
You knew the following spells:

 Your Spells              Type           Power        Failure   Level  Hunger
a - Beastly Appendage     Tmut           ###...       1%          1    None
b - Bolt of Magma         Conj/Fire/Erth #.........   75%         5    ######.
s - Sticks to Snakes      Tmut           ###.....     1%          2    #......

Your spell library contained the following spells:

 Spells                   Type           Power        Failure   Level  Hunger
 Spider Form              Tmut/Pois      ##........   6%          3    ##.....
 Ice Form                 Ice/Tmut       ##......     19%         4    ####...
 Leda's Liquefaction      Hex/Erth       #.........   41%         4    ####...
 Blade Hands              Tmut           ###.......   22%         5    ######.
 Statue Form              Tmut/Erth      ##.......    95%         6    #######
 Iron Shot                Conj/Erth      #.........   99%         6    #######
 Shatter                  Erth           #.........   100%        9    #######


Dungeon Overview and Level Annotations

Branches:
Dungeon (1/1)

Altars:
Cheibriados
Dithmenos
Fedhas
Gozag
Kikubaaqudgha
Makhleb
Okawaru
Qazlal
Ru
Sif Muna
Trog
Uskayaw
Vehumet
Wu Jian
Xom
Yredelemnul
Zin
The Shining One
Beogh
Jiyva
Lugonu

Shops:
D *[%??*?*:[((!!!!


Innate Abilities, Weirdness & Mutations

Your plain brown scales are hard. (AC +5)
You cannot fit into any form of body armour.
You are cold-blooded and may be slowed by cold attacks.
You have claws for feet.


Message History

The quokka simulacrum vapourises!
The water elemental becomes distracted by the nearby gold, dreaming of imaginary riches.
The water elemental is no longer distracted by gold.
The water elemental misses you.
You punch the water elemental!
The water elemental is moderately damaged.
The water elemental hits you!
You hit the water elemental. You claw the water elemental.
You tail-slap the water elemental.
The water elemental is heavily damaged.
The water elemental hits you!
* * * LOW HITPOINT WARNING * * *
The water elemental engulfs you in water!
You hit the water elemental. You claw the water elemental.
The water elemental is severely damaged.
* * * LOW HITPOINT WARNING * * *
Your lungs strain for air!
The water elemental hits you!
You die...
Your body crumbles into a pile of gold.

#.............###.............##
⌠..........###...###..........⌠#
⌠..........# #.<.# #..........⌠#
⌠..........###...###..........⌠#
#............$###.............##
###∩......(.8.# #.8........∩###
##∩___......###......__.∩##
######.8$........8.######
#⌠......@E...⌠# ###.........###
#_......._# #_..(...._#
#_......._# #∩.......∩#
##∩.....∩## ##.....## ##§⌠§##


You could see a water elemental.

Vanquished Creatures
  Purgy (D)
  An ice beast (D)
  A river rat (D)
  A worm (D)
  An adder simulacrum (D)
  A quokka (D)
  A ball python (D)
  A kobold (D)
  A leopard gecko simulacrum (D)
  A quokka simulacrum (D)
  5 rats (D)
15 creatures vanquished.

Vanquished Creatures (others)
  A water elemental (D)
1 creature vanquished.

Grand Total: 16 creatures vanquished

Notes
Turn   | Place    | Note
-------+----------+-------------------------------------------
     0 | D        | MordorOrchid the Draconian Transmuter began the quest for
                  | the Orb.
     0 | D        | Reached XP level 1. HP: 16/16 MP: 3/3
     1 | D        | Found an iron altar of Okawaru.
     1 | D        | Found a glowing silver altar of Zin.
     2 | D        | Found a stormy altar of Qazlal.
     2 | D        | Found a radiant altar of Vehumet.
     3 | D        | Found a snail-covered altar of Cheibriados.
     4 | D        | Found Viobbiok's Delicious Food.
     4 | D        | Found a sacrificial altar of Ru.
     4 | D        | Found a corrupted altar of Lugonu.
     4 | D        | Found Hadis's Identification Station.
     5 | D        | Found a burning altar of Makhleb.
     5 | D        | Round 1.
     6 | D        | Found a shimmering altar of Xom.
     6 | D        | Found an opulent altar of Gozag.
     6 | D        | Found Qiwaorro's Magic Scroll Shop.
     6 | D        | Found Cicza's Staff Store.
     7 | D        | Found Neseel's Magic Scroll Shop.
     7 | D        | Found Xiej's Must-Have Magic.
    10 | D        | Found a glowing golden altar of the Shining One.
    14 | D        | Became a worshipper of Gozag Ym Sagoz the Greedy
    29 | D        | Found Ytryryrr's Jewellery.
    29 | D        | Found Menusab's Advanced Armour.
    37 | D        | Bought a flickering emerald amulet for 45 gold pieces
    37 | D        | Bought a coiled brass ring for 45 gold pieces
    37 | D        | Bought a flickering brass ring for 45 gold pieces
    37 | D        | Identified the amulet of Miugekh {Spirit rN++ Dex+5 Slay-6}
                  | (You bought it in a shop in the Dungeon)
    38 | D        | Identified the ring of Fainoch {+Fly rPois Str+2} (You
                  | bought it in a shop in the Dungeon)
    39 | D        | Identified the ring of the Shining Light {+Fly rC+ Int+3
                  | Dex+3} (You bought it in a shop in the Dungeon)
    42 | D        | Bought a flickering silver amulet for 45 gold pieces
    42 | D        | Identified the amulet of Luidaobu {Spirit rF- rC+ Int+2
                  | SInv} (You bought it in a shop in the Dungeon)
    45 | D        | Bought a faintly glowing amethyst amulet for 45 gold pieces
    45 | D        | Identified the amulet "Nuggoi" {Harm *Drain rPois} (You
                  | bought it in a shop in the Dungeon)
    46 | D        | Bought a translucent lead ring for 45 gold pieces
    46 | D        | Bought an ancient ivory ring for 45 gold pieces
    47 | D        | Identified the ring of Keotsen {Str+3 Dex+3} (You bought it
                  | in a shop in the Dungeon)
    50 | D        | Identified the ring of the Prince of Darkness {Wiz Int+4}
                  | (You bought it in a shop in the Dungeon)
    54 | D        | Found a viscous altar of Jiyva.
    55 | D        | Found a blossoming altar of Fedhas.
    56 | D        | Found an ancient bone altar of Kikubaaqudgha.
    57 | D        | Found Tita's Premium Goods.
    58 | D        | Found Nusuz's Miscellaneous Merchandise.
    58 | D        | Found Kufatt's Basic Armour.
    59 | D        | Found a hide-covered altar of Uskayaw.
    59 | D        | Found an ornate altar of the Wu Jian Council.
    59 | D        | Found a bloodstained altar of Trog.
    59 | D        | Found Seuxkilao's Weapon Rack.
    63 | D        | Found a shimmering blue altar of Sif Muna.
    64 | D        | Found a roughly hewn altar of Beogh.
    66 | D        | Found Ofrouch's Do-It-Yourself Clinic.
    66 | D        | Found a shadowy altar of Dithmenos.
    66 | D        | Found a basalt altar of Yredelemnul.
    66 | D        | Found Zut Liniaffu's Distillery.
    67 | D        | Found Gumo's Bottled Wisdom.
    67 | D        | Found Dacrunik's Distillery.
   118 | D        | Arena points: 12 (+12) [x2]
   170 | D        | Round 2.
   240 | D        | Noticed Purgy
   244 | D        | Killed Purgy
   244 | D        | Reached skill level 6 in Unarmed Combat
   244 | D        | Reached XP level 2. HP: 27/27 MP: 3/6
   244 | D        | Reached XP level 3. HP: 33/33 MP: 4/8
   244 | D        | Reached XP level 4. HP: 40/40 MP: 4/9
   297 | D        | Arena points: 54 (+42) [x3]
   313 | D        | Bought a book of the Earth for 455 gold pieces
   349 | D        | Learned a level 2 spell: Sticks to Snakes
   361 | D        | Round 3.
   370 | D        | Noticed an ice beast
   385 | D        | Killed an ice beast
   385 | D        | Reached skill level 5 in Fighting
   385 | D        | Reached skill level 7 in Unarmed Combat
   385 | D        | Reached XP level 5. HP: 32/48 MP: 9/11
   388 | D        | Noticed a water elemental
   394 | D        | Learned a level 5 spell: Bolt of Magma
   406 | D        | Killed a water elemental
   439 | D        | Noticed a water elemental
   449 | D        | Mangled by a water elemental

Levels and vault maps discovered:
D:        arena_sprint

Skill      XL: |  1  2  3  4 |
---------------+-------------+-----
Dodging        | 3 4 |  4.1
Fighting       | 3 5 |  5.1
Unarmed Combat | 6 7 |  7.7
Spellcasting   | 3 4 |  4.4
Transmutations | 3 4 |  4.1
Evocations     | 3 4 |  4.5

Action                   |  1- 3 |  4- 6 || total
-------------------------+-------+-------++-------
Melee: Unarmed           |    19 |    32 ||    51
       Kick              |     5 |     7 ||    12
       Tailslap          |     1 |     3 ||     4
 Cast: Beastly Appendage |     4 |     5 ||     9
Evoke: Wand              |     1 |     1 ||     2
Armor: Skin              |     3 |     3 ||     6
Dodge: Dodged            |    13 |    16 ||    29

Table legend:
 A = Non-vault XP
 B = Vault XP
 C = Vault XP percentage of total XP
 D = Non-vault monster count
 E = Vault monster count
 F = Vault count percentage of total count
                 A         B        C        D         E       F
            +---------+---------+-------+---------+---------+-------
      Total |     346 |       0 |   0.0 |      16 |       0 |   0.0
            +---------+---------+-------+---------+---------+-------
          D |     346 |       0 |   0.0 |      16 |       0 |   0.0
            +---------+---------+-------+---------+---------+-------
